 Dungeon Sprint DCSS version 0.18-a0-183-gad09a0e (webtiles) character file.

56054 Kidiri the Imperceptible (level 13, -14/70 HPs)
             Began as a Spriggan Enchanter on Nov 23, 2015.
             Was the Champion of Dithmenos.
             Killed from afar by Boris (69 damage)
             ... with an iron shot
             ... in the Dungeon (Sprint III: "The Ten Rune Challenge").
             The game lasted 00:30:25 (5867 turns).

Kidiri the Imperceptible (Spriggan Enchanter)       Turns: 5867, Time: 00:30:26

Health: -14/70     AC:  9    Str:  2    XL:     13   Next: 88%
Magic:  30/35      EV: 36    Int: 19    God:    Dithmenos [******]
Gold:   2064       SH:  0    Dex: 19    Spells: 13 memorised, 1 level left

rFire  . . .     SeeInvis +     d - +2 short sword (speed)
rCold  + + .     Clarity  .     y - +2 robe {rC+}
rNeg   . . .     SustAt   .     (shield restricted)
rPois  +         Gourm    .     r - +2 hat
rElec  .         Spirit   .     l - +1 cloak {MR+}
rCorr  .         Warding  .     (gloves unavailable)
rMut   +         NoTele   +     (boots unavailable)
MR     +++..                    H - amulet of resist mutation
Stlth  ++++++++++               S - ring of wizardry
                                a - ring "Beupliur" {+Fly rPois rC+ Str-2 SInv}

@: wreathed by umbra, very quick, extremely resistant to hostile enchantments,
uncannily stealthy
A: unfitting armour, beak, see invisible, herbivore 3, speed 3, slow metabolism
2
a: Shadow Step, Shadow Form, Renounce Religion, Evoke Flight
}: 1/10 runes: serpentine


You were in the Dungeon.
You worshipped Dithmenos.
Dithmenos was exalted by your worship.
You were not hungry.

You visited 1 branch You collected 3039 gold pieces.
You spent 975 gold pieces at shops.

Inventory:

Hand Weapons
 d - a +2 short sword of speed (weapon)
Missiles
 i - 10 throwing nets (quivered)
Armour
 l - a +1 cloak of magic resistance (worn)
 r - a +2 hat (worn)
 y - a +2 robe of cold resistance (worn)
Jewellery
 a - the ring "Beupliur" (left hand) {+Fly rPois rC+ Str-2 SInv}
   (You took it off a deep elf blademaster in the Dungeon)

   [ring of strength]

   It affects your strength (-2).
   It protects you from cold.
   It protects you from poison.
   It lets you see invisible.
   It lets you fly.
 H - an amulet of resist mutation (around neck)
 S - a ring of wizardry (right hand)
Wands
 k - a wand of digging (8)
 B - a wand of hasting (3)
Scrolls
 j - a scroll of blinking
 m - 4 scrolls of amnesia {unknown}
 n - 2 scrolls of immolation {unknown}
 p - a scroll of remove curse
 t - a scroll of recharging {unknown}
 T - 2 scrolls of silence {unknown}
Potions
 e - 3 potions of curing
 g - a potion of haste
 h - 2 potions of magic
 o - 2 potions of might
 s - 2 potions of flight
 u - 2 potions of brilliance
 v - a potion of resistance
 x - a potion of cancellation {unknown}
Books
 D - Further Steps in Theurgy
   (You found it in the Dungeon)

   Spells                             Type                      Level
   a - Deflect Missiles               Charms/Air                   6
   b - Poisonous Cloud                Conjuration/Poison/Air       6
   c - Iron Shot                      Conjuration/Earth            6
   d - Bolt of Fire                   Conjuration/Fire             6
   e - Invisibility                   Hexes                        6
   f - Mass Confusion                 Hexes                        6
Comestibles
 c - 28 royal jellies
 q - 7 fruits


   Skills:
 + Level 9.1 Fighting
 * Level 15.5 Short Blades
 + Level 8.3 Armour
 * Level 19.5 Dodging
 * Level 21.0 Stealth
 * Level 17.1 Spellcasting
 + Level 8.0 Conjurations
 + Level 12.9 Hexes
 + Level 13.1 Translocations
 + Level 5.1 Transmutations
 + Level 8.8 Ice Magic
 + Level 3.5 Earth Magic
 - Level 2.0 Invocations
 + Level 3.2 Evocations


You had one spell level left.
You knew the following spells:

 Your Spells              Type           Power        Failure   Level  Hunger
a - Corona                Hex            ######.      1%          1    None
b - Ensorcelled Hibernat  Hex/Ice        ######       1%          2    None
c - Confuse               Hex            ######..     1%          3    None
d - Tukima's Dance        Hex            ######..     1%          3    None
e - Dazzling Spray        Conj/Hex       ######..     1%          3    None
f - Slow                  Hex            ######..     1%          2    None
g - Cause Fear            Hex            ######....   1%          4    None
h - Gell's Gravitas       Hex/Tloc       ######....   1%          3    None
i - Passwall              Trmt/Erth      ####......   1%          3    None
j - Passage of Golubria   Tloc           N/A          1%          4    None
k - Lee's Rapid Deconstr  Erth           ####......   12%         5    ###....
l - Invisibility          Hex            ######..     1%          6    #####..
m - Darkness              Hex            ######....   1%          6    #####..


Dungeon Overview and Level Annotations

Branches:
Dungeon (1/1)

Altars:
Cheibriados
Dithmenos
Elyvilon
Fedhas
Gozag
Kikubaaqudgha
Makhleb
Nemelex Xobeh
Okawaru
Qazlal
Ru
Sif Muna
Trog
Vehumet
Xom
Yredelemnul
Zin
The Shining One
Jiyva
Lugonu

Shops:
D :[![=[%

Annotations:
D Boris


Innate Abilities, Weirdness & Mutations

You are tiny and cannot use many weapons and most armour.
You have supernaturally acute eyesight.
You are a herbivore.
You cover ground extremely quickly.
You need consume almost no food.
You have a beak for a mouth.


Message History

Boris is lightly damaged.
Boris completely misses you. x2
You hit Boris but do no damage. You peck Boris.
Boris is lightly damaged.
You barely miss Boris.
Boris is lightly damaged.
You hit Boris but do no damage.
Boris is lightly damaged.
You barely miss Boris.
Boris is lightly damaged.
You hit Boris.
Boris is lightly damaged.
The orb of destruction hits a rock wall.
The rock wall explodes into countless fragments.
You hit Boris but do no damage.
Boris is lightly damaged.
Boris casts a spell at you. The iron shot hits you!
Ouch! That really hurt!
You die...

+###########################
....#)#)#)....#......+...≈≈#
#.#.)#.##.###.#......#%%.≈≈###
##.#.#.##.#).##......#%..≈≈≈≈#
...#..#..##.['.....§.#...≈≈≈≈#
▓▓▓▓▓▓▓▓▓▓▓▓▓#§§§§..§#.......#
.......≈≈≈...#§§§§..§........#
≈≈≈≈≈≈≈≈≈♣♣P.+.§§§...#.......#
♣♣♣♣♣♣♣♣♣♣♣PP#.§@§...#########
♣♣♣##L######## # ♣♣♣♣♣♣♣♣♣♣♣
#§§.'.≈§≈≈# ≈≈# ##≈≈≈≈≈≈..#
#...#.Z≈≈§# ≈≈# .#≈≈≈≈≈...#
#).)#.#≈§§## #≈§#
##+≈≈≈≈≈####+#####.#§§§§###§≈≈#
..#≈≈.....§§.# ..###§§≈≈≈§≈≈#
.[#≈..+####### §§.#G#§§§≈≈§§≈#
###...#....))# §...#+###§≈≈§≈≈#


You could see Boris.

Vanquished Creatures
  Rupert (D)
  A deep elf blademaster (D)
  Frances (D)
  Gastronok (D)
  A greater naga (D)
  Maud (D)
  Wiglaf (D)
  A deep elf annihilator (D)
  2 deep elf demonologists (D)
  2 dire elephants (D)
  A deep elf death mage (D)
  A deep elf high priest (D)
  2 yaktaur captains (D)
  2 hydras (D)
  3 anacondas (D)
  A naga warrior (D)
  Erolcha (D)
  4 death yaks (D)
  An orc high priest (D)
  A death drake (D)
  A small abomination (D)
  A deep elf knight (D)
  A spriggan druid (D)
  A deep elf summoner (D)
  2 deep elf conjurers (D)
  2 swamp dragons (D)
  A lindwurm (D)
  2 elephants (D)
  A guardian serpent (D)
  6 black mambas (D)
  2 yaktaurs (D)
  2 spiny frogs (D)
  3 wandering mushrooms (D)
  A komodo dragon (D)
  A fire drake (D)
  2 giant leeches (D)
  3 deep elf priests (D)
  A queen bee (D)
  8 blink frogs (D)
  4 redbacks (D)
  2 trapdoor spiders (D)
  A shadow (D)
  2 spriggans (D)
  2 nagas (D)
  2 hill giants (D)
  A spatial vortex (D)
  2 orc warriors (D)
  6 water moccasins (D)
  3 swamp drakes (D)
  A wasp (D)
  A necrophage (D)
  3 two-headed ogres (D)
  A water elemental (D)
  32 killer bees (D)
  An electric eel (D)
  2 orc wizards (D)
  6 orc priests (D)
  Crazy Yiuf (D)
  A jelly (D)
  Jessica (D)
  A wizard (D)
  A necromancer (D)
  3 humans (D)
  A kobold demonologist (D)
  3 adders (D)
  An ooze (D)
  7 orcs (D)
  2 rats (D)
  2 plants (D)
166 creatures vanquished.

Vanquished Creatures (others)
  2 draconian scorchers (D)
  Nessos (D)
  A dancing weapon (D)
  3 ball lightnings (D)
  An anaconda zombie (D)
  3 yaktaurs (D)
  4 spriggan defenders (D)
  2 orc high priests (D)
  2 wasps (D)
  2 orc priests (D)
  A giant eyeball (D)
  5 ballistomycetes (D)
  5 giant spores (D)
  42 plants (D)
74 creatures vanquished.

Grand Total: 240 creatures vanquished

Notes
Turn   | Place    | Note
--------------------------------------------------------------
     0 | D        | Kidiri the Spriggan Enchanter began the quest for the Orb.
     0 | D        | Reached XP level 1. HP: 9/9 MP: 5/5
    73 | D        | Noticed Jessica
    87 | D        | Killed Jessica
    87 | D        | Reached skill level 1 in Fighting
    87 | D        | Reached skill level 6 in Stealth
    87 | D        | Reached XP level 2. HP: 5/14 MP: 5/8
    87 | D        | Reached XP level 3. HP: 6/18 MP: 5/9
    93 | D        | Learned a level 2 spell: Ensorcelled Hibernation
    96 | D        | Killed a yaktaur
    97 | D        | Learned a level 3 spell: Confuse
   101 | D        | Learned a level 3 spell: Dazzling Spray
   218 | D        | Killed a white draconian scorcher
   226 | D        | Killed a white draconian scorcher
   314 | D        | Reached skill level 1 in Armour
   314 | D        | Reached skill level 5 in Dodging
   352 | D        | Noticed Crazy Yiuf
   359 | D        | Killed Crazy Yiuf
   359 | D        | Reached skill level 1 in Ice Magic
   359 | D        | Reached XP level 4. HP: 23/23 MP: 9/11
   371 | D        | Learned a level 3 spell: Tukima's Dance
   387 | D        | Gained mutation: You have a beak for a mouth. [potion of mutation]
   387 | D        | Gained mutation: You are dopey. (Int -2) [potion of mutation]
   388 | D        | Gained mutation: Your body sometimes deteriorates upon taking damage. [potion of mutation]
   388 | D        | Gained mutation: You are somewhat resistant to further mutation. [potion of mutation]
   389 | D        | Lost mutation: Your body sometimes deteriorates upon taking damage. [potion of cure mutation]
   389 | D        | Lost mutation: You are somewhat resistant to further mutation. [potion of cure mutation]
   389 | D        | Lost mutation: You are dopey. (Int -2) [potion of cure mutation]
   437 | D        | Reached skill level 7 in Stealth
   437 | D        | Reached skill level 5 in Spellcasting
   437 | D        | Reached skill level 1 in Conjurations
   437 | D        | Reached XP level 5. HP: 26/26 MP: 3/14
   521 | D        | Noticed a shadow
   523 | D        | Killed a shadow
   523 | D        | Reached skill level 5 in Short Blades
   523 | D        | Reached skill level 9 in Stealth
   523 | D        | Reached skill level 5 in Hexes
   523 | D        | Reached XP level 6. HP: 30/32 MP: 14/16
   594 | D        | Found a stormy altar of Qazlal.
   595 | D        | Found a sacrificial altar of Ru.
   595 | D        | Found a burning altar of Makhleb.
   595 | D        | Found a viscous altar of Jiyva.
   595 | D        | Found a shimmering altar of Xom.
   595 | D        | Found a shadowy altar of Dithmenos.
   595 | D        | Found a sparkling altar of Nemelex Xobeh.
   595 | D        | Found a corrupted altar of Lugonu.
   595 | D        | Found an opulent altar of Gozag.
   595 | D        | Noticed a spatial vortex
   599 | D        | Became a worshipper of Dithmenos the Shadowed
   600 | D        | Killed a spatial vortex
   600 | D        | Reached skill level 1 in Invocations
   706 | D        | Found a radiant altar of Vehumet.
   707 | D        | Found a deep blue altar of Sif Muna.
   707 | D        | Found an ancient bone altar of Kikubaaqudgha.
   710 | D        | Reached * piety under Dithmenos
   710 | D        | Reached skill level 10 in Stealth
   720 | D        | Learned a level 2 spell: Slow
   725 | D        | Learned a level 4 spell: Cause Fear
   733 | D        | Found a glowing silver altar of Zin.
   734 | D        | Found a glowing golden altar of the Shining One.
   734 | D        | Found a white marble altar of Elyvilon.
   734 | D        | Noticed a deep elf priest
   736 | D        | Killed a deep elf priest
   736 | D        | Reached XP level 7. HP: 36/36 MP: 17/19
   743 | D        | Learned a level 3 spell: Gell's Gravitas
   751 | D        | Found an iron altar of Okawaru.
   752 | D        | Found a bloodstained altar of Trog.
   752 | D        | Noticed a human
   752 | D        | Noticed a human
   754 | D        | Killed a human
   754 | D        | Reached skill level 11 in Stealth
   754 | D        | Reached skill level 1 in Translocations
   755 | D        | Killed a human
   755 | D        | Reached ** piety under Dithmenos
   755 | D        | Reached skill level 10 in Dodging
   777 | D        | Found a snail-covered altar of Cheibriados.
   778 | D        | Found a basalt altar of Yredelemnul.
   778 | D        | Found a blossoming altar of Fedhas.
   779 | D        | Reached XP level 8. HP: 42/42 MP: 21/21
   864 | D        | Reached *** piety under Dithmenos
   873 | D        | Reached skill level 12 in Stealth
   879 | D        | Noticed Erolcha
   881 | D        | Killed Erolcha
   881 | D        | Reached skill level 10 in Spellcasting
   881 | D        | Reached XP level 9. HP: 46/46 MP: 22/24
   882 | D        | Reached **** piety under Dithmenos
   889 | D        | Reached skill level 13 in Stealth
   889 | D        | Reached skill level 5 in Translocations
  1048 | D        | Reached ***** piety under Dithmenos
  1049 | D        | Reached skill level 5 in Fighting
  1051 | D        | Reached ****** piety under Dithmenos
  1052 | D        | Reached skill level 10 in Short Blades
  1052 | D        | Reached skill level 14 in Stealth
  1053 | D        | Reached skill level 5 in Ice Magic
  1053 | D        | Reached XP level 10. HP: 49/51 MP: 7/26
  1325 | D        | Reached skill level 5 in Armour
  1482 | D        | Reached skill level 15 in Stealth
  1646 | D        | Noticed a lindwurm
  1655 | D        | Killed a lindwurm
  1655 | D        | Reached skill level 5 in Conjurations
  1782 | D        | Noticed Maud
  1784 | D        | Killed Maud
  1784 | D        | Reached XP level 11. HP: 56/56 MP: 28/28
  1788 | D        | Noticed an eight-headed hydra
  1788 | D        | Noticed a five-headed hydra
  1811 | D        | Killed a five-headed hydra
  1811 | D        | Reached skill level 16 in Stealth
  1829 | D        | Killed an eight-headed hydra
  1923 | D        | Noticed a death drake
  1925 | D        | Killed a death drake
  1925 | D        | Reached skill level 15 in Dodging
  1932 | D        | Found a blossoming altar of Fedhas.
  1932 | D        | Noticed a spriggan druid
  1934 | D        | Killed a spriggan druid
  1934 | D        | Reached skill level 10 in Hexes
  1982 | D        | Noticed a swamp dragon
  1984 | D        | Killed a swamp dragon
  1988 | D        | Noticed a swamp dragon
  2212 | D        | Found Ceasix's Jewellery Emporium.
  2212 | D        | Found Asast's Antique Armour Shop.
  2212 | D        | Found Iqell's Food Shoppe.
  2254 | D        | Killed a swamp dragon
  2255 | D        | Noticed a swamp dragon
  2473 | D        | Killed a ball lightning
  2473 | D        | Killed a ball lightning
  2546 | D        | Reached skill level 17 in Stealth
  2608 | D        | Noticed Rupert
  2651 | D        | Killed Rupert
  2741 | D        | Noticed a death yak
  2742 | D        | Noticed a death yak
  2743 | D        | Noticed an azure jelly
  2743 | D        | Noticed a death yak
  2743 | D        | Noticed an azure jelly
  2743 | D        | Noticed a death yak
  2744 | D        | Killed a death yak
  2744 | D        | Reached skill level 10 in Translocations
  2745 | D        | Killed a death yak
  2745 | D        | Reached XP level 12. HP: 63/63 MP: 26/31
  2767 | D        | Noticed an azure jelly
  2767 | D        | Noticed an azure jelly
  2812 | D        | Reached skill level 18 in Stealth
  2917 | D        | Noticed an anaconda
  2923 | D        | Killed an anaconda
  3072 | D        | Noticed an anaconda
  3072 | D        | Noticed an anaconda
  3075 | D        | Killed an anaconda
  3077 | D        | Killed an anaconda
  3077 | D        | Reached skill level 15 in Spellcasting
  3152 | D        | Noticed a naga warrior
  3152 | D        | Noticed a greater naga
  3152 | D        | Found Omauppen's Book Boutique.
  3152 | D        | Found Bonaef's Antique Armour Emporium.
  3154 | D        | Found Puluzxoe's Distillery.
  3155 | D        | Killed a greater naga
  3156 | D        | Killed a naga warrior
  3178 | D        | Reached skill level 19 in Stealth
  3182 | D        | Got a serpentine rune of Zot
  3259 | D        | Noticed a dire elephant
  3259 | D        | Noticed a dire elephant
  3259 | D        | Noticed Gastronok
  3262 | D        | Killed a dire elephant
  3273 | D        | Killed Gastronok
  3273 | D        | Reached XP level 13. HP: 66/68 MP: 27/33
  3331 | D        | Killed a dire elephant
  3627 | D        | Found Firuuwn's Armour Emporium.
  3859 | D        | Bought a book of Burglary for 975 gold pieces
  3863 | D        | Learned a level 3 spell: Passwall
  3868 | D        | Learned a level 4 spell: Passage of Golubria
  3874 | D        | Learned a level 5 spell: Lee's Rapid Deconstruction
  3881 | D        | Learned a level 6 spell: Invisibility
  4108 | D        | Noticed a deep elf annihilator
  4114 | D        | Reached skill level 1 in Transmutations
  4120 | D        | Reached skill level 1 in Earth Magic
  4263 | D        | Killed a deep elf annihilator
  4263 | D        | Reached skill level 20 in Stealth
  4345 | D        | Noticed a deep elf blademaster
  4372 | D        | Killed a deep elf blademaster
  4374 | D        | Got a shimmering copper ring
  4382 | D        | Identified the cursed ring "Beupliur" {+Fly rPois rC+ Str-2 SInv} (You took it off a deep elf blademaster in the Dungeon)
  4681 | D        | Noticed a deep elf demonologist
  4685 | D        | Noticed a deep elf demonologist
  4686 | D        | Noticed a cacodemon
  4690 | D        | Killed a deep elf demonologist
  4690 | D        | Reached skill level 15 in Short Blades
  4694 | D        | Killed a deep elf demonologist
  4742 | D        | Killed Nessos
  5232 | D        | Reached skill level 1 in Evocations
  5242 | D        | Identified the Reference Book on Attacks and Heat
  5244 | D        | Identified the Collected Works on Ghastly Calling
  5244 | D        | Identified Further Steps in Theurgy
  5356 | D        | Learned a level 6 spell: Darkness
  5502 | D        | Noticed Wiglaf
  5502 | D        | Noticed Frances
  5504 | D        | Killed Wiglaf
  5505 | D        | Killed Frances
  5529 | D        | Reached skill level 5 in Transmutations
  5534 | D        | Reached skill level 21 in Stealth
  5855 | D        | Noticed Boris
  5867 | D        | Killed from afar by Boris

Vault maps used:
D:        dungeon_sprint_mu

Action                   |  1- 3 |  4- 6 |  7- 9 | 10-12 | 13-15 || total
-------------------------+-------+-------+-------+-------+-------++-------
Melee: Dagger            |    21 |    14 |    18 |    67 |       ||   120
       Short sword       |       |       |       |     4 |    98 ||   102
 Cast: Corona            |     1 |       |       |       |       ||     1
       Ensorcelled Hiber |     2 |     4 |     3 |    37 |     3 ||    49
       Dazzling Spray    |       |     3 |       |    32 |    74 ||   109
       Gell's Gravitas   |       |       |     5 |     4 |     6 ||    15
       Confuse           |       |       |     1 |     4 |     3 ||     8
       Tukima's Dance    |       |       |       |     1 |       ||     1
       Invisibility      |       |       |       |       |     2 ||     2
Invok: Shadow Step       |       |       |       |    14 |     2 ||    16
 Abil: Evoke Flight      |       |       |       |       |     4 ||     4
  Use: Potion            |       |     4 |       |       |     2 ||     6
       Scroll            |       |     3 |       |       |     2 ||     5
 Stab: Sleeping          |     3 |     6 |    13 |    53 |    11 ||    86
       Confused          |       |       |     1 |     2 |       ||     3
       Invisible         |       |       |       |     5 |     3 ||     8
  Eat: Bread ration      |       |       |       |     1 |       ||     1
